 Dungeon Crawl Stone Soup version 0.31-a0-968-g24f9ace8b5 (webtiles) character file.

Game seed: 285205525297565679

10556 pokeman the Eclecticist (level 11, -4/62 HPs)
             Began as a Deep Elf Hedge Wizard on Oct 28, 2023.
             Was a Priest of Vehumet.
             Slain by a hornet (13 damage)
             ... on level 10 of the Dungeon.
             The game lasted 00:26:29 (11100 turns).

pokeman the Eclecticist (Deep Elf Hedge Wizard)    Turns: 11100, Time: 00:26:30

Health: -4/62      AC: 12    Str:  7    XL:     11   Next: 37%
Magic:  32/32      EV: 13    Int: 24    God:    Vehumet [***...]
Gold:   547        SH:  0    Dex: 16    Spells: 19/41 levels left

rFire   + . .        m - +7 Throatcutter {drain, coup de grace}
rCold   + + .        (no shield)
rNeg    . . .        J - +0 robe {rC+ rF+}
rPois   +            k - +0 helmet
rElec   .            G - +0 cloak
rCorr   .            (no gloves)
SInv    .            n - +2 pair of boots
Will    +....        s - amulet "Ukulit" {Acrobat Contam rPois Dex+2}
Stlth   +            y - ring of protection from cold
HPRegen 0.30/turn    H - +4 ring of protection
MPRegen 0.23/turn

%: acrobat
@: confused, ambrosia-drunk, slowed, very slow
A: no striking features
a: Renounce Religion


You were on level 10 of the Dungeon.
You worshipped Vehumet.
Vehumet was most pleased with you.
You visited 2 branches of the dungeon, and saw 11 of its levels.

You collected 547 gold pieces.

Inventory:

Hand Weapons
 m - the +7 Throatcutter (weapon) {drain, coup de grace}
   (You found it on level 2 of the Dungeon)
Armour
 k - a +0 helmet (worn)
 n - a +2 pair of boots (worn)
 G - a +0 cloak (worn)
 J - a +0 robe of resistance (worn)
Jewellery
 s - the amulet "Ukulit" (around neck) {Acrobat Contam rPois Dex+2}
   (You found it on level 4 of the Dungeon)

   [amulet of the acrobat]

   Acrobat:   It increases your evasion while moving and waiting.
   Dex+2:     It affects your dexterity (+2).
   rPois:     It protects you from poison Contam: It causes magical
   contamination when unequipped.
 y - a ring of protection from cold (left hand)
 H - a +4 ring of protection (right hand)
Wands
 g - a wand of charming (8)
 i - a wand of mindburst (12)
 p - a wand of polymorph (15)
 v - a wand of flame (12)
 E - a wand of roots (22)
Scrolls
 a - 10 scrolls of identify {unknown}
 f - a scroll of poison {unknown}
 l - 5 scrolls of acquirement {unknown}
 q - 2 scrolls of immolation {unknown}
 t - a scroll of noise {unknown}
 x - a scroll of fear {unknown}
 A - a scroll of revelation {unknown}
 B - a scroll of torment {unknown}
 C - a scroll of vulnerability {unknown}
 D - a scroll of brand weapon {unknown}
 F - 2 scrolls of blinking {unknown}
 K - a scroll of amnesia {unknown}
Potions
 b - a potion of cancellation {unknown}
 c - 3 potions of mutation {unknown}
 d - 4 potions of magic
 e - 3 potions of brilliance {unknown}
 h - 3 potions of might {unknown}
 j - a potion of heal wounds {unknown}
 o - 3 potions of enlightenment {unknown}
 r - a potion of attraction {unknown}
 u - 4 potions of haste {unknown}
 w - 4 potions of curing {unknown}
 z - a potion of degeneration {unknown}
 I - 5 potions of ambrosia


   Skills:
 - Level 4.5 Fighting
 + Level 4.8 Armour
 - Level 3.2 Dodging
 - Level 3.0 Stealth
 * Level 15.7 Spellcasting
 + Level 9.2 Conjurations
 - Level 1.1 Summonings
 - Level 1.1 Translocations
 + Level 6.5 Fire Magic
 - Level 1.0 Air Magic
 + Level 1.4 Earth Magic
 - Level 1.0 Poison Magic
 - Level 1.0 Evocations


You had 19 spell levels left.
You knew the following spells:

 Your Spells              Type           Power      Damage    Failure   Level
a - Magic Dart            Conj           100%       1d8       1%          1
b - Mephitic Cloud        Conj/Pois/Air  36%        N/A       1%          3
c - Call Imp              Summ           48%        N/A       2%          2
d - Blink                 Tloc           48%        N/A       2%          2
e - Foxfire               Conj/Fire      100%       2x1d9     1%          1
f - Stone Arrow           Conj/Erth      88%        3d12      1%          3
g - Flame Wave            Conj/Fire      54%        2d13      1%          4
h - Starburst             Conj/Fire      27%        6d9       5%          6

Your spell library contained the following spells:

 Spells                   Type           Power      Damage    Failure   Level
 Scorch                   Fire           100%       2d9       1%          2
 Lesser Beckoning         Tloc           48%        N/A       2%          2
 Arcjolt                  Conj/Air       21%        1d31      2%          5
 Slow                     Hex            72%        N/A       3%          1
 Cigotuvi's Dreadful Rot  Necr/Pois/Air  44%        N/A       3%          2
 Gell's Gravitas          Tloc           24%        N/A       5%          3
 Teleport Other           Tloc           24%        N/A       5%          3
 Vhi's Electric Charge    Tloc/Air       48%        N/A       19%         4
 Plasma Beam              Fire/Air       18%        2x1d30    24%         6
 Summon Cactus Giant      Summ           12%        N/A       96%         6
 Maxwell's Capacitive Co  Air            11%        ∞         100%        8


Dungeon Overview and Level Annotations

Branches:
Dungeon (10/15)            Temple (1/1) D:6            Lair (0/5) D:10
    Orc (0/2) D:10

Altars:
Ashenzari
Cheibriados
Dithmenos
Elyvilon
Fedhas
Gozag
Hepliaklqana
Kikubaaqudgha
Makhleb
Nemelex Xobeh
Okawaru
Qazlal
Ru
Sif Muna
Trog
Uskayaw
Vehumet
Wu Jian
Xom
Yredelemnul
Zin
The Shining One

Shops:
D:8 :


Message History

The hornet stings you but does no damage.
The hornet completely misses you.
The hornet stings the hornet.
The hornet seems to slow down.
The hornet is engulfed in noxious fumes.
The hornet appears confused.
The hornet stings the hornet!
The hornet seems to slow down.
The hornet is engulfed in noxious fumes.
The hornet appears confused.
The hornet closely misses you.
The hornet stings the hornet.
The hornet seems to slow down.
The hornet stings itself but does no damage.
Something barely misses you. The hornet closely misses you.
The hornet is engulfed in noxious fumes.
The hornet barely misses you.
The hornet stings you but does no damage.
The hornet is engulfed in noxious fumes.
The hornet appears confused.
The hornet barely misses you.
The hornet barely misses itself.
The hornet is engulfed in noxious fumes.
Unknown command.
You're too confused to cast spells.
Okay, then.
Unknown command.
You're too confused to cast spells.
You barely miss the hornet.
The hornet is moderately wounded.
The hornet is no longer moving slowly.
The hornet stings you but does no damage.
The hornet closely misses you.
The hornet stings the hornet but does no damage.
The hornet buzzes around in tight circles.
The hornet barely misses you. x2; The hornet stings you!
* * * LOW HITPOINT WARNING * * *
Something hits you.
* * * LOW HITPOINT WARNING * * *
The hornet stings the hornet!
The hornet seems to slow down.
The hornet is engulfed in noxious fumes.
The hornet closely misses the hornet. x2; The hornet stings the hornet!
The hornet seems to slow down.
The hornet barely misses itself.
The hornet stings you!
You die...

#.......#..#
########.##.##.#... #####
..........#........ ...#
..######'#####.#.##
##.#####..###.......####.#.
###..<.....##y.y........##...
#
#....#####.#yyy..###.....#.#.
#.#.##.# #.yy## ##...#...
#.#.##.# #@## ##.###.
#......# #yyy..# # #.
###.#### #yy.##... ###.
#.#### #.##.. #... #....# #..
..# #... ######.# #.. #$?
#.<. #......# #.# .?( ###.
#.###### #.. ?. #. #.# ## #.


You could see 12 hornets.

Vanquished Creatures
  Pikel (D:4)
  A deep elf zephyrmancer (D:6)
  Jeremiah (D:7)
  A queen bee (D:9)
  A polar bear (D:9)
  A hornet (D:10)
  15 yaks
  An unseen horror simulacrum (D:9)
  A vampire mosquito (D:10)
  3 steam dragons (D:8)
  Menkaure (D:7)
  7 water moccasins
  Duvessa (D:7)
  An orc warrior (D:7)
  2 sky beasts (D:7)
  2 black bears
  3 ice beasts (D:9)
  An ogre (D:4)
  A wolf (D:9)
  2 centaurs
  Blork the orc (D:5)
  2 kobold brigands
  A gnoll sergeant (D:9)
  4 bullfrogs
  5 scorpions
  12 wights
  Dowan (D:7)
  34 killer bees
  An electric eel (D:9)
  2 jellies
  3 orc priests
  4 sleepcaps (D:7)
  4 iguanas
  Ijyb (D:3)
  Natasha (thrice) (D:4)
  6 orc wizards
  A centaur simulacrum (D:9)
  A hound skeleton (D:3)
  7 gnolls
  9 adders
  10 white imps
  6 ufetubi
  An adder skeleton (D:3)
  6 worms
  2 dart slugs
  25 orcs
  7 endoplasms
  3 goblins
  8 hobgoblins
  2 jackals (D:1)
  A quokka (D:5)
  4 ball pythons
  6 bats
  3 frilled lizards
  20 kobolds
  A quokka zombie (D:3)
  5 rats
259 creatures vanquished.

Vanquished Creatures (others)
  A foxfire (D:10)
1 creature vanquished.

Grand Total: 260 creatures vanquished

Notes
Turn   | Place    | Note
-------+----------+-------------------------------------------
     0 | D:1      | pokeman the Deep Elf Hedge Wizard began the quest for the
                  | Orb.
     0 | D:1      | Reached XP level 1. HP: 10/10 MP: 7/7
   112 | D:1      | Found a faded altar of an unknown god.
   319 | D:1      | Reached XP level 2. HP: 16/16 MP: 4/9
  1340 | D:2      | Reached skill level 5 in Spellcasting
  1428 | D:2      | Reached XP level 3. HP: 20/20 MP: 6/11
  1449 | D:2      | Learned a level 3 spell: Mephitic Cloud
  1452 | D:2      | Learned a level 2 spell: Call Imp
  1455 | D:2      | Learned a level 2 spell: Blink
  1649 | D:2      | Found the +7 Throatcutter {drain, coup de grace}
  1848 | D:2      | Reached skill level 1 in Fighting
  1853 | D:2      | Reached skill level 1 in Armour
  2375 | D:3      | Reached XP level 4. HP: 18/25 MP: 9/13
  2480 | D:3      | Noticed Ijyb
  2488 | D:3      | Killed Ijyb
  2877 | D:3      | Found a sparkling altar of Nemelex Xobeh.
  2883 | D:3      | Reached skill level 6 in Spellcasting
  3070 | D:3      | Reached XP level 5. HP: 25/29 MP: 6/15
  3536 | D:4      | Identified the amulet "Ukulit" {Acrobat Contam rPois Dex+2}
  3741 | D:4      | Noticed Natasha
  3747 | D:4      | Killed Natasha
  3748 | D:4      | Reached skill level 1 in Evocations
  3837 | D:4      | Noticed an ogre
  3842 | D:4      | Killed an ogre
  3843 | D:4      | Reached XP level 6. HP: 34/34 MP: 11/17
  3974 | D:4      | Reached skill level 7 in Spellcasting
  3974 | D:4      | Reached skill level 1 in Poison Magic
  3978 | D:4      | Reached skill level 1 in Air Magic
  4026 | D:4      | Noticed Natasha
  4035 | D:4      | Killed Natasha
  4104 | D:4      | Noticed Pikel
  4109 | D:4      | Killed Pikel
  4110 | D:4      | Reached skill level 8 in Spellcasting
  4110 | D:4      | Reached XP level 7. HP: 40/40 MP: 7/21
  4309 | D:4      | Noticed Natasha
  4313 | D:4      | Killed Natasha
  4407 | D:4      | Noticed a moth of wrath
  4418 | D:4      | Reached skill level 9 in Spellcasting
  4436 | D:4      | Found a bloodstained altar of Trog.
  4497 | D:5      | Entered Level 5 of the Dungeon
  4577 | D:5      | Noticed Blork the orc
  4584 | D:5      | Killed Blork the orc
  4680 | D:5      | Reached XP level 8. HP: 45/45 MP: 19/23
  5098 | D:5      | Reached skill level 5 in Conjurations
  5099 | D:5      | Reached skill level 10 in Spellcasting
  5383 | D:5      | Noticed Menkaure
  6105 | D:6      | Found a staircase to the Ecumenical Temple.
  6111 | Temple   | Entered the Ecumenical Temple
  6117 | Temple   | Became a worshipper of Vehumet
  6354 | D:6      | Found an ornate altar of the Wu Jian Council.
  7157 | D:6      | Noticed a deep elf zephyrmancer
  7165 | D:6      | Killed a deep elf zephyrmancer
  7166 | D:6      | Reached skill level 11 in Spellcasting
  7166 | D:6      | Reached XP level 9. HP: 35/49 MP: 20/26
  7222 | D:6      | Learned a level 4 spell: Flame Wave
  7473 | D:7      | Noticed Dowan
  7474 | D:7      | Noticed Duvessa
  7486 | D:7      | Killed Duvessa
  7487 | D:7      | Reached skill level 1 in Fire Magic
  7487 | D:7      | Killed Dowan
  7602 | D:7      | Killed Menkaure
  7603 | D:7      | Reached skill level 12 in Spellcasting
  8030 | D:7      | Reached * piety under Vehumet
  8030 | D:7      | Offered knowledge of Shock by Vehumet.
  8199 | D:7      | Noticed Jeremiah
  8212 | D:7      | Killed Jeremiah
  8854 | D:8      | Reached skill level 13 in Spellcasting
  8946 | D:8      | Found Dinwankas's Self-Published Books.
  8962 | D:8      | Reached XP level 10. HP: 53/56 MP: 18/29
  9119 | D:8      | Found a hide-covered altar of Uskayaw.
  9157 | D:8      | Found a blossoming altar of Fedhas.
  9160 | D:8      | Found an ancient bone altar of Kikubaaqudgha.
  9550 | D:9      | Reached skill level 14 in Spellcasting
  9753 | D:9      | Reached skill level 5 in Fire Magic
  9834 | D:9      | Reached ** piety under Vehumet
  9834 | D:9      | Offered knowledge of Static Discharge by Vehumet.
  9931 | D:9      | Reached skill level 15 in Spellcasting
  9931 | D:9      | Reached XP level 11. HP: 54/62 MP: 20/32
 10042 | D:9      | Offered knowledge of Stone Arrow by Vehumet.
 10200 | D:9      | Reached *** piety under Vehumet
 10344 | D:9      | Found a white marble altar of Elyvilon.
 10514 | D:9      | Found a transporter.
 10527 | D:9      | Found a transporter.
 10568 | D:9      | Found a transporter.
 10659 | D:9      | Found a transporter.
 10729 | D:10     | Entered Level 10 of the Dungeon
 10734 | D:10     | Learned a level 3 spell: Stone Arrow
 10781 | D:10     | Found a staircase to the Lair.
 10792 | D:10     | Reached skill level 1 in Earth Magic
 10921 | D:10     | Found a staircase to the Orcish Mines.
 11051 | D:10     | Learned a level 1 spell: Foxfire
 11058 | D:10     | Learned a level 6 spell: Starburst
 11092 | D:10     | Paralysed by a hornet for 3 turns
 11095 | D:10     | Noticed an ogre mage
 11100 | D:10     | Slain by a hornet

Illustrated notes

Levels and vault maps discovered:
D:1:      eino_arrival_water_star, layout_basic,
          hellmonk_ecumenical_altar_lost_god, serial_forest,
          infiniplex_forest_pool, infiniplex_forest_clump_diagonal,
          infiniplex_forest_straight_3, infiniplex_forest_clump_small,
          infiniplex_forest_clump_C, infiniplex_forest_zigzag_1,
          infiniplex_forest_clump_C, infiniplex_forest_end_1,
          infiniplex_forest_clump_tiny, infiniplex_forest_lined_room_2
D:2:      layout_loops_cross, minmay_split_cup_small
D:3:      layout_loops_corners, nemelex_dance_club_becter, serial_undead,
          serial_undead_c, serial_undead_c, serial_undead_d, serial_undead_c,
          serial_undead_f, serial_undead_e, dreamdust_princess_bridge, uniq_ijyb
D:4:      layout_basic, tgw_trog, bh_walls_and_bars, uniq_pikel, uniq_natasha
D:5:      layout_layer_cave, serial_park_tiny_2, grunt_ministairs_14,
          uniq_menkaure, uniq_blork_the_orc
D:6:      layout_layer_cave, mainiacjoe_overflow_chevrons,
          minmay_temple_entry_overgrown, guppyfry_early_elven_hall
D:7:      layout_basic, uniq_duvessa, uniq_jeremiah
D:8:      layout_cave_pools, mainiacjoe_overflow_tiny_flanked,
          grunt_temple_overflow_growth_and_decay, nicolae_custom_books,
          grunt_decor_junction
D:9:      layout_roguey [special_room_bee], mainiacjoe_overflow_six_doors_small,
          serial_ice, serial_ice_o, serial_ice_j, serial_ice_f, serial_ice_c,
          serial_ice_a, serial_ice_g, serial_ice_h, serial_ice_b,
          nicolae_transporter_intersection
D:10:     hellmonk_paralyzer, layout_loops_cross, due_lair_maze_entry_diamond,
          lightli_fourway_metalbox
Temple:   hellmonk_temple_two_chambers

Skill      XL: |  1  2  3  4  5  6  7  8  9 10 11 |
---------------+----------------------------------+-----
Spellcasting   | 5 6 8 9 11 13 15 | 15.7
Fighting       | 1 2 3 4 |  4.5
Armour         | 1 3 4 |  4.8
Conjurations   | 2 3 4 6 7 8 9 |  9.2
Stealth        | 3 |  3.0
Dodging        | 3 |  3.2
Evocations     | 1 |  1.0
Poison Magic   | 1 |  1.0
Air Magic      | 1 |  1.0
Fire Magic     | 3 5 6 |  6.5
Earth Magic    | 1 |  1.4
Summonings     | |  1.1
Translocations | |  1.1

Action                     |  1- 3 |  4- 6 |  7- 9 | 10-12 || total
---------------------------+-------+-------+-------+-------++-------
  Melee: Long sword        |     2 |    45 |   125 |    51 ||   223
         Punch             |       |       |     3 |       ||     3
   Cast: Magic Dart        |    96 |    39 |    56 |    30 ||   221
         Mephitic Cloud    |       |     8 |    22 |    11 ||    41
         Flame Wave        |       |       |     3 |    31 ||    34
         Call Imp          |       |       |     1 |       ||     1
         Blink             |       |       |       |     1 ||     1
         Foxfire           |       |       |       |     1 ||     1
    Use: Potion            |       |       |       |     1 ||     1
   Stab: Sleeping          |       |     4 |     3 |       ||     7
         Confused          |       |     4 |    10 |       ||    14
 Armour: Robe              |     8 |    21 |    63 |    92 ||   184
  Dodge: Dodged            |     7 |    23 |   131 |   126 ||   287

Table legend: (Time is in decaauts)
 A = Elapsed time spent in this place.
 B = Non-inter-level travel time spent in this place.
 C = Inter-level travel time spent in this place.
 D = Time resting spent in this place.
 E = Time spent auto-exploring this place.
 F = Levels seen in this place.
 G = Mean time per level.
                   A        B        C        D        E       F      G
               +--------+--------+--------+--------+--------+-----+--------+
         Total |  11194 |  10849 |    345 |    125 |   9280 |  11 | 1017.6 |
       Dungeon |  11181 |  10841 |    340 |    125 |   9280 |  10 | 1118.1 |
        Temple |     12 |      7 |      5 |      0 |      0 |   1 |   12.0 |
               +--------+--------+--------+--------+--------+-----+--------+

Top non-repeatable levels by time:
     D:6: 1599 daAuts
     D:7: 1484 daAuts
     D:1: 1327 daAuts
     D:5: 1277 daAuts
     D:9: 1236 daAuts
     D:3: 1191 daAuts
     D:4: 1026 daAuts
     D:2: 972 daAuts
     D:8: 687 daAuts
    D:10: 377 daAuts
  Temple: 12 daAuts
